[Event "*** Titled Tuesday Blitz"]
[Site "Chess.com"]
[Date "2018.06.05"]
[Round "1"]
[White "Blackmind96"]
[Black "guillembaches"]
[Result "1-0"]
[WhiteElo "2554"]
[BlackElo "2240"]
[TimeControl "180+2"]
[EndTime "13:08:28 PDT"]
[Termination "Blackmind96 won on time"]

1. d4 Nf6 2. c4 e6 3. Nc3 Bb4 4. e3 c5 5. Ne2 d5 6. a3 cxd4 7. exd4 Be7 8. cxd5 Nxd5 9. Nxd5 exd5 10. Nf4 O-O 11. Bd3 Nc6 12. O-O Bf6 13. Be3 g6 14. Be2 Re8 15. Bf3 Be6 16. Rc1 Qb6 17. Bxd5 Nxd4 18.
Nxe6 fxe6 19. Be4 Rad8 20. Qg4 Qxb2 21. Rb1 Qc3 22. Bxg6 hxg6 23. Qxg6+ Bg7 24. Rxb7 Nf5 25. Bg5 Rc8 26. Qf7+ Kh8 27. h4 Qe5 28. Qh5+ Kg8 29. Qf7+ Kh8 30. Rd1 Rf8 31. Qh5+ Kg8 32. Qg6 Rc2 33.
h5 Qe2 34. Rf1 Qg4 35. h6 Rfc8 36. Rxg7+ 1-0

[Event "*** Titled Tuesday Blitz"]
[Site "Chess.com"]
[Date "2018.06.05"]
[Round "1"]
[White "Aryangholami"]
[Black "Colombiano07"]
[Result "1-0"]
[WhiteElo "2543"]
[BlackElo "2218"]
[TimeControl "180+2"]
[EndTime "13:08:29 PDT"]
[Termination "Aryangholami won on time"]

1. d4 Nf6 2. Nf3 g6 3. Bf4 Bg7 4. e3 O-O 5. h3 d6 6. Bh2 c5 7. c3 b6 8. Bd3 Bb7 9. Nbd2 Nbd7 10. O-O Qc7 11. Qe2 Rac8 12. a4 cxd4 13. exd4 Rfe8 14. a5 Nd5 15. axb6 axb6 16. Bb5 e5 17. dxe5 dxe5 18. Nc4 Nf4 19. Qe3 Nd5 20. Qd2 Bc6 21. Bxc6 Qxc6 22. Rfd1 Qxc4 23. Qxd5 Qxd5 24. Rxd5 e4 25. Nd4 Nc5 26.
Nb5 Red8 27. Rxd8+ Rxd8 28. Bc7 Rd2 29. Bxb6 Ne6 30.
Ra8+ Bf8 31. b4 Kg7 32. Be3 Rc2 33. Rc8 Be7 34. g3 Ng5 35. Bxg5 Bxg5 36. Nd4 Rc1+ 37. Kg2 e3 38. fxe3 Bxe3 39. Nb5 Bd2 40. Kf3 Rb1 41. Ke2 Bg5 42. Rc7 h5 43. Nd6 Kf6 44. Ne4+ Kf5 45.
Nxg5 Kxg5 46. Rxf7 Rh1 47. Kf3 Rxh3 48. Kg2 1-0

[Event "*** Titled Tuesday Blitz"]
[Site "Chess.com"]
[Date "2018.06.05"]
[Round "1"]
[White "biostatistician"]
[Black "gemarin"]
[Result "1-0"]
[WhiteElo "2429"]
[BlackElo "1814"]
[TimeControl "180+2"]
[EndTime "13:08:31 PDT"]
[Termination "biostatistician won on time"]

1. d4 d5 2. Nf3 c6 3. c4 Nf6 4.
cxd5 cxd5 5. Nc3 Nc6 6. Bf4 e6 7. e3 Bd6 8. Bxd6 Qxd6 9. Bd3 a6 10. O-O b5 11. a4 b4 12. Nb1 O-O 13. Nbd2 a5 14.
Qe2 Nb8 15. Nb3 Ba6 16. Rfc1 Bxd3 17. Qxd3 Nbd7 18. Rc2 Rfc8 19. Rac1 Rxc2 20. Rxc2 Nb6 21. Nc5 h6 22. Ne5 Ne8 23. h3 f6 24. Ng6 Nd7 25. Qb5 Nf8 26. Nxf8 Kxf8 27. Nb7 Qa6 28. Qxa6 Rxa6 29. Rc5 Rb6 30. Nxa5 b3 31. Rb5 Ra6 32.
Kf1 Nd6 33. Rb8+ Kf7 34. Nxb3 Rxa4 35. Nc5 Ra1+ 36. Ke2 Ra2 37. Kd3 e5 38. Rd8 Nc4 39. b3 e4+ 40. Kc3 Na3 41. Rxd5 Nb1+ 42. Kb4 Rxf2 43.
Rd7+ Kg6 44. Ne6 f5 45. d5 Kf6 46. Rxg7 Re2 47. Rh7 Rxe3 48. Rxh6+ Ke5 49. Nc7 Rd3 50. Re6+ Kf4 51. d6 e3 52. Kc4 Rd2 53. Nd5+ 1-0

[Event "*** Titled Tuesday Blitz"]
[Site "Chess.com"]
[Date "2018.06.05"]
[Round "1"]
[White "LornerAcosta"]
[Black "EndgameGrinder"]
[Result "1-0"]
[WhiteElo "2261"]
[BlackElo "2529"]
[TimeControl "180+2"]
[EndTime "13:08:32 PDT"]
[Termination "LornerAcosta won by resignation"]

1. Nf3 c5 2. c3 g6 3. d4 Bg7 4. Bf4 b6 5. e3 Nc6 6. Nbd2 d5 7. Bb5 Bd7 8. O-O Nf6 9. Qa4 Qc8 10. dxc5 bxc5 11. Ba6 Qd8 12. Qa3 Qb6 13. h3 O-O 14. Rac1 Nh5 15. Bh2 e5 16. e4 Be6 17. exd5 Bxd5 18.
Rfe1 Rfe8 19. Nc4 Bxc4 20. Bxc4 Rad8 21. Ng5 Rd7 22. Rcd1 Red8 23. Rxd7 Rxd7 24. Nxf7 Rxf7 25. Rd1 Nb8 26. Qa4 Kf8 27. Bxf7 Kxf7 28. Qc4+ Kf8 29. b4 Qc7 30. bxc5 Nc6 31. Rd6 Nf4 32. Bxf4 exf4 33. Qxf4+ Kg8 34. Qc4+ Kf8 35. Qd5 Ke7 36.
Qe6+ Kf8 37. Rxc6 Qe7 38. Rc8+ 1-0

[Event "*** Titled Tuesday Blitz"]
[Site "Chess.com"]
[Date "2018.06.05"]
[Round "1"]
[White "igorkovalenko"]
[Black "Aleksandr_Kholin"]
[Result "1-0"]
[WhiteElo "2839"]
[BlackElo "2420"]
[TimeControl "180+2"]
[EndTime "13:08:35 PDT"]
[Termination "igorkovalenko won by resignation"]

1. d4 Nf6 2. Bf4 g6 3. e3 Bg7 4. h3 d6 5. Nf3 O-O 6. Be2 Nfd7 7. Bh2 Nc6 8. Nc3 e5 9. O-O f5 10. Bc4+ Kh8 11. a4 a5 12. Bb5 e4 13. Nd2 Ne7 14. f3 c6 15. Be2 d5 16. fxe4 dxe4 17. Nc4 Nb6 18. Nd6 Ned5 19. Nxd5 Nxd5 20. Qd2 Bh6 21. Be5+ Kg8 22. Ra3 Qg5 23. Bc4 Bg7 24. Bxd5+ cxd5 25. Rb3 Bxe5 26. dxe5 Be6 27. Rxb7 Qg3 28. Qf2 Qxe5 29. Qh4 Bf7 30. Nxf7 Rxf7 31. Rxf7 Kxf7 32. Qxh7+ Qg7 33. Qxg7+ Kxg7 34. Rd1 Rc8 35. c3 Rb8 36. Rd2 Kf6 37.
h4 Ke5 38. g3 Rg8 39. Kf2 g5 40. hxg5 Rxg5 41. b4 Rg7 42. bxa5 Ra7 43. Ra2 Rxa5 44. Kg2 Kd6 45. Kh3 Kc5 46. Kh4 Kc4 47.
Kg5 Kd3 48. Kf4 Kxc3 49. Kxf5 Kd3 50. Kf4 Kc4 51. g4 Kb3 52. Rd2 Kc4 53. g5 Ra8 54. g6 Kc5 55. Ke5 Re8+ 56. Kf6 Kd6 57. g7 1-0

[Event "*** Titled Tuesday Blitz"]
[Site "Chess.com"]
[Date "2018.06.05"]
[Round "1"]
[White "BlackBoarder"]
[Black "hitaman"]
[Result "0-1"]
[WhiteElo "2263"]
[BlackElo "2578"]
[TimeControl "180+2"]
[EndTime "13:08:36 PDT"]
[Termination "hitaman won by resignation"]

1. e4 e5 2. Nf3 Nc6 3. Nc3 Nf6 4.
Bb5 Bb4 5. O-O O-O 6. d3 d6 7. Bg5 Bxc3 8. bxc3 h6 9. Bd2 Ne7 10. Re1 Ng6 11. Rb1 c6 12. Bc4 d5 13. exd5 cxd5 14.
Bb3 Re8 15. h3 b6 16. Qc1 Bb7 17. Qa3 d4 18. cxd4 Bxf3 19. gxf3 Qxd4 20. Qb4 Qd7 21.
Kh2 Nd5 22. Qg4 Qd6 23. Qg3 Ndf4 24. Rg1 Qf6 25. Rbe1 Rad8 26. Bc3 Kh7 27. Re4 Qc6 28. Bxf7 Rf8 29. Bxe5 Rxf7 30. Bxf4 Rdf8 31. Be3 Rxf3 32. Qg2 Qd6+ 33. Kh1 R8f6 34. Rg4 R3f5 35. Qe4 Rh5 36. Kg2 Re6 37. Qb7 Re7 38. Qa8 Nh4+ 39. Kf1 Nf5 40. Qf3 Rf7 41. Rf4 g6 42. Ke2 Qe6 43. Qe4 Qxa2 44.
Qc4 Qxc4 45. Rxc4 Rxh3 46. Rc6 g5 47. Ra1 Nxe3 48. fxe3 Rh2+ 49. Ke1 Rh1+ 0-1

[Event "*** Titled Tuesday Blitz"]
[Site "Chess.com"]
[Date "2018.06.05"]
[Round "1"]
[White "x-6099009240"]
[Black "AlexanderKing"]
[Result "0-1"]
[WhiteElo "2080"]
[BlackElo "2468"]
[TimeControl "180+2"]
[EndTime "13:08:36 PDT"]
[Termination "AlexanderKing won by checkmate"]

1. e4 e6 2. Nf3 d5 3. e5 c5 4. b4 c4 5. c3 a5 6. b5 Nd7 7.
d3 cxd3 8. Bxd3 Qc7 9. Qe2 Ne7 10. O-O Ng6 11. Re1 Be7 12. a4 b6 13. Bxg6 hxg6 14.
Nd4 Bb7 15. Bb2 Rc8 16. Nd2 Rh5 17. f4 Rh8 18. Rac1 Nc5 19. Ra1 Ne4 20. Nxe4 dxe4 21. Kh1 Qc4 22. Nc6 Qxe2 23. Rxe2 Bxc6 24. bxc6 Rxc6 25. Rxe4 Kf8 26. Rd1 Rc7 27. Red4 Ke8 28. Ba3 Rh4 29. g3 Rh5 30. Bxe7 Kxe7 31. Rd8 f6 32.
exf6+ gxf6 33. R1d3 Rhc5 34. Rb8 Rxc3 35. Rxc3 Rxc3 36.
Rb7+ Kd6 37. Rxb6+ Rc6 38. Rxc6+ Kxc6 39. h4 f5 40. Kg2 Kc5 41. g4 fxg4 42. Kg3 Kb4 43. Kxg4 Kxa4 44. f5 exf5+ 45. Kg5 Kb3 46. Kxg6 a4 47.
h5 a3 48. Kxf5 a2 49. h6 a1=Q 50. Kg6 Qh8 51. Kh5 Kc4 52. Kg6 Kd5 53. Kg5 Ke5 54. Kh5 Kf5 55. Kh4 Qc3 56. h7 Qf3 57. h8=Q Qg4# 0-1

[Event "*** Titled Tuesday Blitz"]
[Site "Chess.com"]
[Date "2018.06.05"]
[Round "1"]
[White "walkingcreep"]
[Black "Zhuu96"]
[Result "0-1"]
[WhiteElo "2425"]
[BlackElo "2927"]
[TimeControl "180+2"]
[EndTime "13:08:39 PDT"]
[Termination "Zhuu96 won by resignation"]

1. e4 c5 2. Nf3 Nc6 3. Bb5 e6 4. d4 cxd4 5. Nxd4 Nge7 6. Nxc6 bxc6 7. Be2 Ng6 8. O-O e5 9. Nd2 Be7 10. Nc4 d5 11. exd5 cxd5 12. Ne3 d4 13. Nc4 O-O 14. Bf3 Rb8 15. Re1 f6 16. a3 Be6 17. Nd2 f5 18. Bh5 e4 19. b4 Nf4 20. Nf1 Nxh5 21. Qxh5 Rc8 22. Qe2 Qc7 23. Bb2 Bf6 24. Rac1 Rfd8 25.
Nd2 Bg5 26. Red1 Qf7 27. Qa6 e3 28. fxe3 Bxe3+ 29. Kh1 Bd5 30. Qf1 f4 31. c4 dxc3 32. Rxc3 Rxc3 33. Bxc3 Rc8 34. Ba1 Rc2 35. Nf3 h6 36. Qd3 Ra2 37. Bc3 Rxa3 38. Ne5 Qe6 39. Ra1 Rxa1+ 40. Bxa1 Bb6 41. Qc3 Bd8 42. Qd4 Bg5 43.
Qxa7 Bf6 44. Qd4 f3 45. gxf3 Bxf3+ 46. Kg1 Bb7 47. Qc4 Bd5 48. Qd4 Kh7 49. Qd3+ Kg8 50. Qd4 Bd8 51. Qg4 Qf6 52. Qg6 Bb6+ 0-1

[Event "*** Titled Tuesday Blitz"]
[Site "Chess.com"]
[Date "2018.06.05"]
[Round "1"]
[White "AdrianaNikolova"]
[Black "INDIAN-ELEPHANT"]
[Result "0-1"]
[WhiteElo "2286"]
[BlackElo "2606"]
[TimeControl "180+2"]
[EndTime "13:08:39 PDT"]
[Termination "INDIAN-ELEPHANT won by resignation"]

1. e4 e5 2. Nf3 Nc6 3. Nc3 Nf6 4. Bb5 Bb4 5. d3 d6 6. O-O O-O 7. Bg5 Bxc3 8. bxc3 Qe7 9. Re1 Nd8 10. d4 Ne6 11. Bh4 Nf4 12. Bf1 Ng6 13. Bg5 h6 14. Bc1 c5 15. d5 Nh7 16. c4 f5 17. exf5 Bxf5 18. Nd2 Qf7 19. f3 Nf4 20. Ne4 Bxe4 21. Rxe4 Ng5 22.
Re1 e4 23. fxe4 Nfh3+ 24. gxh3 Nf3+ 25. Kg2 Qg6+ 26. Kf2 Qg1+ 27. Ke2 Qxh2+ 28. Kd3 Nxe1+ 29. Qxe1 Rf3+ 30. Be3 Raf8 31. Be2 Rxh3 32. Qg1 Qe5 33. c3 Re8 34. Qg4 Rg3 35. Qh4 g5 36. Qh1 Qf4 37.
Qc1 Qxe4+ 38. Kd2 Qxe3+ 39. Kc2 Qxe2+ 40. Kb3 Re4 41. Ka3 Qxc4 42. Qc2 Rxc3+ 0-1

[Event "*** Titled Tuesday Blitz"]
[Site "Chess.com"]
[Date "2018.06.05"]
[Round "1"]
[White "olksuna"]
[Black "BilodeauA"]
[Result "0-1"]
[WhiteElo "2360"]
[BlackElo "2704"]
[TimeControl "180+2"]
[EndTime "13:08:41 PDT"]
[Termination "BilodeauA won by resignation"]

1. Nf3 d5 2. g3 c6 3. Bg2 Nf6 4. O-O Bf5 5. c4 e6 6. cxd5 exd5 7. d3 Na6 8. a3 Be7 9. b4 Nc7 10. Nbd2 a5 11. Rb1 axb4 12. axb4 O-O 13. Nd4 Bg6 14. Qc2 Ne6 15. N2f3 Nd7 16. Nxe6 fxe6 17. Nd4 Bf7 18. Bh3 e5 19. Ne6 Bxe6 20. Bxe6+ Kh8 21. Bd2 Nf6 22.
Ra1 Rxa1 23. Rxa1 Qe8 24. Ra7 Bd8 25. Qc5 Be7 26. Qb6 Qh5 27. Qxb7 Ng8 28. f3 e4 29. Bf4 exf3 30. exf3 Qxf3 31. Bxg8 Bf6 32. Qb6 Kxg8 33. Qe3 Qd1+ 34. Kg2 Qg4 35. h3 Qf5 36. g4 Qg6 37. Kg3 h5 38. Qe6+ Kh7 39. Qf5 Bh4+ 40. Kxh4 Rxf5 41.
gxf5 Qxf5 42. Bd6 Qf6+ 0-1

[Event "*** Titled Tuesday Blitz"]
[Site "Chess.com"]
[Date "2018.06.05"]
[Round "1"]
[White "RichardABates"]
[Black "gmjlh"]
[Result "1/2-1/2"]
[WhiteElo "2327"]
[BlackElo "2614"]
[TimeControl "180+2"]
[EndTime "13:08:41 PDT"]
[Termination "Game drawn by agreement"]

1. d4 d5 2. c4 e6 3. Nf3 Nf6 4. g3 Bb4+ 5. Bd2 Be7 6. Bg2 O-O 7. O-O c6 8. Qc2 Nbd7 9. Bf4 Ne4 10. Nbd2 Nxd2 11.
Nxd2 f5 12. cxd5 exd5 13. Nf3 g5 14. Bd2 g4 15. Ne1 Nf6 16. Nd3 Ne4 17. f3 Nxd2 18.
Qxd2 gxf3 19. exf3 f4 20. Nxf4 Bg5 21. Rae1 Bxf4 22.
gxf4 Qf6 23. Re5 Qxf4 24. Qf2 Kh8 25. Rfe1 Rg8 26. Re8 Bf5 27. Rxa8 Rxa8 28. Qe3 Qxe3+ 29. Rxe3 Rf8 30. Kf2 Rf7 31. b4 Kg7 32. a4 Kf6 33. Re8 a6 34. Bf1 Rg7 35. b5 axb5 36. axb5 cxb5 37.
Bxb5 Bd7 38. Bxd7 Rxd7 39. Rb8 Re7 40. Kg3 Rd7 41. Kf4 Rf7 42. h4 Ke6+ 43. Kg5 Rxf3 44. Rxb7 Rf5+ 45. Kg4 h5+ 46. Kg3 Kd6 47. Rb6+ 1/2-1/2

[Event "*** Titled Tuesday Blitz"]
[Site "Chess.com"]
[Date "2018.06.05"]
[Round "1"]
[White "RiskyDecision"]
[Black "nochewycandy"]
[Result "1-0"]
[WhiteElo "2478"]
[BlackElo "2113"]
[TimeControl "180+2"]
[EndTime "13:08:42 PDT"]
[Termination "RiskyDecision won by checkmate"]

1. d4 Nf6 2. Bg5 Ne4 3. Bf4 c5 4. f3 Nf6 5. dxc5 Qa5+ 6. Nc3 Qxc5 7. e4 a6 8. Qd2 d6 9. O-O-O b5 10. Kb1 Nbd7 11.
Nge2 Bb7 12. Be3 Qc7 13. Nd4 g6 14. g4 Ne5 15. h4 h5 16. g5 Nfd7 17. Nd5 Bxd5 18.
exd5 Bg7 19. f4 Nc4 20. Bxc4 Qxc4 21. Nc6 Nb8 22. Na5 Qc7 23. Bd4 O-O 24. Bxg7 Kxg7 25. Rhf1 Nd7 26. Nc6 Rae8 27. f5 Ne5 28. f6+ exf6 29.
gxf6+ Kh7 30. Ne7 Qc4 31. Rf4 Qc5 32. b3 Nd7 33. Re1 Qc7 34. Qe2 Ne5 35. Qg2 Qc3 36.
Rg1 Rb8 37. Qg5 Nc4 38. Rxc4 bxc4 39. Nf5 Kg8 40. Ne7+ Kh7 41. Nxg6 fxg6 42. Qxg6+ Kh8 43. Qg7# 1-0

[Event "*** Titled Tuesday Blitz"]
[Site "Chess.com"]
[Date "2018.06.05"]
[Round "1"]
[White "leoo2001"]
[Black "Kangoroo3000"]
[Result "1-0"]
[WhiteElo "1923"]
[BlackElo "2412"]
[TimeControl "180+2"]
[EndTime "13:08:44 PDT"]
[Termination "leoo2001 won by resignation"]

1. e4 e6 2. d4 d5 3. exd5 exd5 4. Nf3 Bd6 5. c4 dxc4 6. Bxc4 Nf6 7. Nc3 O-O 8. O-O Nc6 9. h3 a6 10. Re1 Bf5 11. Bg5 h6 12. Bh4 Be7 13. d5 Nb4 14. Rc1 b5 15. Nd4 Bg6 16. Bb3 Nd3 17. Nc6 Nxe1 18.
Nxd8 Nd3 19. Nc6 Bc5 20. Rc2 Rfe8 21. Re2 Nh5 22. Rxe8+ Rxe8 23. Kf1 Nxb2 24. Qf3 Nd3 25. Ne2 Nhf4 26. Ne7+ Bxe7 27. Nxf4 Bb4 28. Kg1 Re1+ 29.
Kh2 Bd6 30. Bg3 Be4 31. Nxd3 Bxf3 32. Nxe1 Bxg3+ 33. Kxg3 Be4 34. Kf4 Bb1 35. Ke5 Kf8 36. Kd4 Ke7 37. Kc5 Kd7 38. Nc2 f6 39. Nd4 Bd3 40.
Bc2 Bc4 41. Bf5+ Ke8 42. a3 Ba2 43. h4 Kf7 44. h5 Ke7 45. Be6 Bb1 46. Nf5+ Kf8 47.
Kc6 a5 48. Kxc7 b4 49. d6 1-0

[Event "*** Titled Tuesday Blitz"]
[Site "Chess.com"]
[Date "2018.06.05"]
[Round "1"]
[White "Zufi1811"]
[Black "awesomevishesh"]
[Result "1-0"]
[WhiteElo "2470"]
[BlackElo "2086"]
[TimeControl "180+2"]
[EndTime "13:08:49 PDT"]
[Termination "Zufi1811 won on time"]

1. e4 c5 2. Nf3 Nc6 3. Bb5 g6 4.
O-O Bg7 5. Re1 Nf6 6. e5 Nd5 7. Nc3 Nc7 8. Bxc6 dxc6 9. Ne4 Ne6 10. d3 O-O 11. Be3 b6 12. Qd2 Nd4 13. Nxd4 cxd4 14. Bh6 Qd5 15. Ng3 c5 16. Bxg7 Kxg7 17. Qg5 Qe6 18.
Nh5+ Kh8 19. Nf4 Qd7 20. e6 fxe6 21. Nxe6 Rf5 22. Qh6 Rf7 23. Ng5 Rg7 24. Re5 Bb7 25.
Rae1 Rag8 26. f3 a5 27. Qh4 a4 28. Qf4 Re8 29. Nf7+ Kg8 30. Nh6+ Kh8 31. Re6 b5 32. Qe5 Bd5 33. Rd6 exd6 34. Qxe8+ Qxe8 35. Rxe8+ Bg8 36. f4 c4 37. g4 cxd3 38. cxd3 g5 39. f5 b4 40. a3 bxa3 41. bxa3 d5 42. Kf2 1-0

[Event "*** Titled Tuesday Blitz"]
[Site "Chess.com"]
[Date "2018.06.05"]
[Round "1"]
[White "nihalsarin"]
[Black "vovachesss"]
[Result "1-0"]
[WhiteElo "2760"]
[BlackElo "2397"]
[TimeControl "180+2"]
[EndTime "13:08:50 PDT"]
[Termination "nihalsarin won by resignation"]

1. d4 Nf6 2. Nf3 e6 3. Bf4 d5 4. e3 Bd6 5. Bg3 O-O 6. Nbd2 Qe7 7. Bd3 Nbd7 8. O-O e5 9. e4 dxe4 10. Nxe4 Nxe4 11. Bxe4 exd4 12. Qxd4 Bxg3 13. hxg3 Nc5 14.
Rfe1 Nxe4 15. Rxe4 Be6 16. Rae1 h6 17. b3 Rad8 18. Qxa7 Qf6 19. Qe3 Rd6 20. Nd4 Bd5 21. Rf4 Qg6 22. Nf5 Re6 23. Ne7+ Rxe7 24. Qxe7 Qxc2 25.
Qe2 Qc6 26. f3 Be6 27. Re4 Ra8 28. Qd2 Qb6+ 29. Kh2 Ra5 30. Re5 Ra8 31. g4 c6 32.
Qd6 Rd8 33. Qe7 Qd4 34. Qxb7 Qf4+ 35. Kh1 Rd2 36. Qxc6 Qg3 37. R5e2 Bd5 38. Qe8+ Kh7 39. Rxd2 Bxf3 40. gxf3 Qh3+ 41. Rh2 Qxf3+ 42. Rg2 f5 43. gxf5 Qh3+ 44. Kg1 Qxf5 45. Qe4 1-0

[Event "*** Titled Tuesday Blitz"]
[Site "Chess.com"]
[Date "2018.06.05"]
[Round "1"]
[White "TBergh98"]
[Black "MartinZumsande"]
[Result "1/2-1/2"]
[WhiteElo "2214"]
[BlackElo "2517"]
[TimeControl "180+2"]
[EndTime "13:08:56 PDT"]
[Termination "Game drawn by repetition"]

1. d4 d5 2. Nf3 Nf6 3. Bf4 e6 4. e3 Be7 5. Bd3 c5 6. c3 Nc6 7.
Nbd2 b6 8. O-O Bb7 9. Ne5 Nxe5 10. Bxe5 O-O 11. Qf3 Nd7 12. Bg3 Bf6 13. Rfe1 g6 14.
Rad1 e5 15. dxe5 Nxe5 16. Bxe5 Bxe5 17. e4 Bg7 18. Bb1 d4 19. cxd4 cxd4 20. Bd3 Rc8 21. Rc1 Qg5 22. Qe2 Bh6 23. Rxc8 Rxc8 24.
Nc4 Qc5 25. e5 Qd5 26. f3 Ba6 27. Nd6 Be3+ 28. Kh1 Bxd3 29. Qxd3 Rc5 30. f4 Qxa2 31. g3 Qd5+ 32. Qe4 Qxe4+ 33. Nxe4 Rc2 34. Ra1 a5 35. Ra4 Rxb2 36. Rc4 Rb1+ 37. Kg2 Rc1 38. Ra4 Kg7 39. Nf6 h6 40. Kf3 Rc2 41. h3 Rb2 42. Rc4 h5 43. Rc8 a4 44. Rg8+ Kh6 45.
Rh8+ Kg7 46. Rg8+ Kh6 47. Rh8+ Kg7 48. Rg8+ Kh6 49. Rh8+ Kg7 1/2-1/2

[Event "*** Titled Tuesday Blitz"]
[Site "Chess.com"]
[Date "2018.06.05"]
[Round "1"]
[White "Alexandr_Predke"]
[Black "timator"]
[Result "1/2-1/2"]
[WhiteElo "2663"]
[BlackElo "2351"]
[TimeControl "180+2"]
[EndTime "13:08:57 PDT"]
[Termination "Game drawn by repetition"]

1. e4 c5 2. Nf3 Nc6 3. Nc3 e6 4. d4 cxd4 5. Nxd4 Nf6 6. Be2 Bb4 7. Nxc6 bxc6 8. e5 Nd5 9. Bd2 O-O 10. Ne4 Bxd2+ 11.
Qxd2 f6 12. c4 Nb6 13. exf6 gxf6 14. Nd6 Qe7 15. h4 Ba6 16. Rh3 Nc8 17. Rg3+ Kh8 18.
O-O-O Rb8 19. Ra3 Nxd6 20. Qxd6 Qxd6 21. Rxd6 Bc8 22. Rxa7 Rg8 23. g3 f5 24. Kc2 f4 25.
g4 f3 26. Bxf3 Rf8 27. Ra3 Rf4 28. Rc3 Ra8 29. a3 Kg7 30. b4 Kf8 31. c5 Ke7 32.
Rcd3 Ra7 33. Kd2 Ba6 34. Re3 Bc4 35. Ke1 Ra8 36. Bd1 Raf8 37. f3 Bd5 38. Kf2 h5 39. Kg3 hxg4 40. fxg4 Rf1 41. Bb3 Rg1+ 42. Kh2 Rh1+ 43. Kg3 Rg1+ 44. Kh3 Rh1+ 45. Kg3 Rg1+ 46. Kh3 Rh1+ 47. Kg3 Rg1+ 48. Kh3 Rh1+ 49. Kg3 1/2-1/2

[Event "*** Titled Tuesday Blitz"]
[Site "Chess.com"]
[Date "2018.06.05"]
[Round "1"]
[White "TheLancer"]
[Black "vincentmasuka"]
[Result "1/2-1/2"]
[WhiteElo "2544"]
[BlackElo "2263"]
[TimeControl "180+2"]
[EndTime "13:09:02 PDT"]
[Termination "Game drawn by agreement"]

1. e4 c6 2. d4 d5 3. Nc3 dxe4 4. Nxe4 Nf6 5. Nxf6+ exf6 6. c3 Bd6 7. Bd3 O-O 8. Qc2 Re8+ 9. Ne2 h5 10. O-O h4 11.
Bf4 Be6 12. Rae1 Qc7 13. Qd2 Nd7 14. Bb1 h3 15. Bxd6 Qxd6 16. g3 g6 17. Nf4 Nf8 18. f3 Re7 19. Re4 Rae8 20. Rfe1 c5 21. d5 Bd7 22. Rxe7 Rxe7 23. Rxe7 Qxe7 24. Kf2 Qd6 25.
c4 b6 26. Qe3 Nh7 27. Ne2 Ng5 28. Nc3 Kg7 29. f4 Nh7 30. Ne4 Qe7 31. b3 f5 32. Nd2 Qxe3+ 33. Kxe3 Nf6 34. Nf3 Ng4+ 35. Ke2 Kf8 36. Bd3 Ke7 37. Kd2 f6 38. Be2 Kd6 39. Ng1 Nxh2 40. Nxh3 a6 41. Nf2 b5 42.
Ke3 b4 43. Nd3 a5 44. Kf2 Ng4+ 45. Bxg4 fxg4 46. Ke3 Bf5 47. Kd2 Be4 48. Nf2 Bb1 49. Kc1 Bf5 50. Kd2 Kd7 51. Ke3 Kd6 52. Ne4+ Bxe4 53. Kxe4 f5+ 54. Kd3 1/2-1/2

[Event "*** Titled Tuesday Blitz"]
[Site "Chess.com"]
[Date "2018.06.05"]
[Round "1"]
[White "BillieKimbah"]
[Black "MPGM"]
[Result "1-0"]
[WhiteElo "2741"]
[BlackElo "2387"]
[TimeControl "180+2"]
[EndTime "13:09:03 PDT"]
[Termination "BillieKimbah won by resignation"]

1. Nf3 d5 2. g3 g6 3. Bg2 Bg7 4. d4 Nf6 5. O-O O-O 6. c4 c6 7.
b3 a5 8. Nc3 Bf5 9. Bb2 Nbd7 10.
cxd5 cxd5 11. Rc1 Nb6 12. Ne5 Ne4 13. Nb5 a4 14. e3 Nd6 15. Nc7 Rc8 16. Nxd5 Rxc1 17.
Qxc1 Nxd5 18. Bxd5 axb3 19. axb3 Be4 20. Bxe4 Nxe4 21.
Nd3 Qd5 22. Qc4 e6 23. Qxd5 exd5 24. Rc1 Nd2 25. Rc5 Nxb3 26. Rb5 Nd2 27. Rxb7 Ra8 28. Rb5 h5 29. Rxd5 h4 30. Kg2 Rb8 31. Rc5 hxg3 32. hxg3 Ne4 33. Rc2 Nd6 34. Ba3 Rb3 35. Bxd6 Rxd3 36.
Rc8+ Kh7 37. Rc7 Kg8 38. Kf3 Rb3 39. Be5 Bxe5 40. dxe5 Rb4 41. Rd7 Ra4 42. Rd4 Ra5 43. Kf4 Kg7 44. f3 Ra6 45. e4 Rb6 46. g4 Re6 47.
Rd5 Ra6 48. Kg5 Rb6 49. f4 Rb7 50. f5 Ra7 51. fxg6 fxg6 52. Rd6 Ra5 53. Rd7+ Kf8 54. Kf6 Ke8 55. Rh7 1-0

[Event "*** Titled Tuesday Blitz"]
[Site "Chess.com"]
[Date "2018.06.05"]
[Round "1"]
[White "PawnEatingZombie"]
[Black "tango_argentino"]
[Result "0-1"]
[WhiteElo "2037"]
[BlackElo "2447"]
[TimeControl "180+2"]
[EndTime "13:09:03 PDT"]
[Termination "tango_argentino won by checkmate"]

1. d4 Nf6 2. c4 g6 3. Nc3 Bg7 4. e4 d6 5. Nf3 O-O 6. Be2 Na6 7. O-O e5 8. Be3 Qe7 9. d5 Ng4 10. Bg5 f6 11. Bd2 f5 12. Bg5 Nf6 13. Nd2 h6 14. Bxf6 Bxf6 15. a3 Nc5 16. b4 Nxe4 17. Ndxe4 fxe4 18. Nxe4 Bg7 19. Bd3 Rf4 20. g3 Rf7 21.
Qc2 Bh3 22. Rfe1 Raf8 23. Ra2 Bg4 24. c5 Bf3 25. Qc4 h5 26. Bf1 h4 27. Bg2 Bxg2 28.
Kxg2 Rf3 29. Re3 Rxe3 30. fxe3 Bh6 31. Qe2 Qf7 32. Rd2 Bxe3 33. Rd1 Bd4 34. Qg4 hxg3 35. hxg3 Qf5 36. Qxf5 gxf5 37. Ng5 dxc5 38. Ne6 Rf7 39. bxc5 Rd7 40. c6 bxc6 41. dxc6 Rd6 42. Nxd4 exd4 43. Kf3 Kf7 44. Kf4 Ke6 45. Rd3 Kd5 46. Kxf5 Kc4 47. Rd1 Rxc6 48. g4 d3 49. g5 Kd4 50. g6 Rxg6 51. Kxg6 c5 52. Kf5 c4 53. Rh1 d2 54.
Rh8 c3 55. Rd8+ Ke3 56. Rc8 d1=Q 57. Rxc3+ Kd4 58. Rc7 Qb1+ 59. Ke6 Qb6+ 60. Kd7 Kd5 61. Kc8 a5 62. Rd7+ Kc6 63. Rd6+ Kxd6 64. a4 Qc7# 0-1

[Event "*** Titled Tuesday Blitz"]
[Site "Chess.com"]
[Date "2018.06.05"]
[Round "1"]
[White "Haykos"]
[Black "ChessicallyInclined"]
[Result "0-1"]
[WhiteElo "2533"]
[BlackElo "2242"]
[TimeControl "180+2"]
[EndTime "13:09:07 PDT"]
[Termination "ChessicallyInclined won by checkmate"]

1. e4 e5 2. Nf3 Nc6 3. Bc4 Nf6 4. d3 Be7 5. O-O O-O 6. a4 d6 7. a5 a6 8. c3 h6 9. Nbd2 Be6 10. Qb3 Bxc4 11.
Nxc4 Qd7 12. Ne3 Rfd8 13. Nd5 Rdb8 14. Re1 Nxd5 15. exd5 Nd8 16. d4 f6 17. dxe5 fxe5 18. Nxe5 dxe5 19. d6+ Nf7 20. dxe7 Qxe7 21. Bf4 Kh8 22. Bg3 Qf6 23. Rad1 b5 24. Rd7 Rf8 25. Rxc7 Rac8 26. Rb7 Ng5 27. Rb6 Qf5 28. f3 Rfe8 29.
Rxa6 e4 30. f4 Ne6 31. Rb6 Nc5 32. Qxb5 e3 33. a6 e2 34. Rxe2 Qb1+ 35. Kf2 Ne4+ 36. Kf3 Qf1+ 37. Kg4 Nf6+ 38. Kh3 Qxe2 39. Qxe2 Rxe2 40.
b4 Ree8 41. f5 Ra8 42. b5 Ne4 43. Bc7 Nxc3 44. Rb7 Re3+ 45. g3 Nxb5 46. Rxb5 Rxa6 47. Kh4 Re2 48. h3 Ra4+ 49. g4 Re3 50. Re5 Rxe5 51.
Bxe5 Kh7 52. Kh5 Ra3 53. h4 Ra5 54. Bc3 g6# 0-1

[Event "*** Titled Tuesday Blitz"]
[Site "Chess.com"]
[Date "2018.06.05"]
[Round "1"]
[White "dlp300"]
[Black "Anton_Demchenko"]
[Result "0-1"]
[WhiteElo "2402"]
[BlackElo "2780"]
[TimeControl "180+2"]
[EndTime "13:09:11 PDT"]
[Termination "Anton_Demchenko won by resignation"]

1. d4 Nf6 2. c4 g6 3. Nc3 Bg7 4. e4 O-O 5. Nf3 d6 6. Be2 Na6 7. O-O e5 8. Re1 exd4 9. Nxd4 c6 10. Bf1 Re8 11. Bf4 Ng4 12. Nb3 Ne5 13. Rc1 Be6 14.
Na4 c5 15. Nd2 Nb4 16. Qb3 b5 17. Nc3 Ned3 18. Bg3 Nxc1 19. Rxc1 Rb8 20. a3 bxc4 21. Bxc4 Nd3 22. Qc2 Nxc1 23. Qxc1 Qg5 24. h4 Qe7 25. Bd5 Bxd5 26. Nxd5 Qb7 27. Nc4 Rxe4 28. Nde3 Re6 29. Nxd6 Qxb2 30. Qxc5 Qd4 31. Qc7 Rf8 32. h5 Be5 33. Bxe5 Qxe5 34. Nec4 Qxh5 35. Ne3 Qe5 36. Nec4 Qf4 37. Qa5 Rxd6 38. Nxd6 Qxd6 39. Qxa7 Re8 40. Qa5 Qd1+ 41. Kh2 Qh5+ 0-1